 Dungeon Crawl Stone Soup version 0.27.0-1-g7a08968 (webtiles) character file.

Game seed: 439524316761045803

450 Jonnyslop the Chopper (level 7, 0/62 HPs)
             Began as a Hill Orc Fighter on Dec 2, 2021.
             Was a Follower of Qazlal.
             Slain by an orc warrior (4 damage)
             ... on level 4 of the Dungeon.
             The game lasted 00:05:01 (3123 turns).

Jonnyslop the Chopper (Hill Orc Fighter)            Turns: 3123, Time: 00:05:01

Health: 0/62       AC:  9    Str: 21    XL:     7   Next: 4%
Magic:  8/8        EV:  7    Int:  8    God:    Qazlal [*.....]
Gold:   43         SH:  1    Dex: 10    Spells: 6/6 levels left

rFire    . . .     SeeInvis .   f - +3 broad axe (flame)
rCold    . . .     Faith    .   (no shield)
rNeg     . . .     Spirit   .   i - +0 chain mail
rPois    .         Reflect  .   (no helmet)
rElec    .         Harm     .   (no cloak)
rCorr    .         Rampage  .   (no gloves)
Will     .....                  (no boots)
Stlth    ..........             (no amulet)
HPRegen  0.20/turn              h - ring of flight
MPRegen  0.11/turn              (no ring)

@: flying
A: no striking features
a: Renounce Religion


You were on level 4 of the Dungeon.
You worshipped Qazlal.
Qazlal was aware of your devotion.
You visited 1 branch of the dungeon, and saw 4 of its levels.

You collected 101 gold pieces.
You spent 58 gold pieces at shops.

Inventory:

Hand Weapons
 a - a +0 war axe
 f - a +3 broad axe of flaming (weapon)
Missiles
 l - 5 silver javelins (quivered)
Armour
 b - a +0 scale mail
 c - a +1 kite shield
 i - a +0 chain mail (worn)
Jewellery
 h - a ring of flight (left hand)
Wands
 m - a wand of digging (7)
Scrolls
 j - a scroll of enchant weapon
Potions
 d - 4 potions of might
 e - a potion of berserk rage
 g - a potion of attraction {unknown}
 k - 2 potions of haste
 n - 5 potions of curing
 o - a potion of mutation {unknown}


   Skills:
 + Level 5.9 Fighting
 * Level 7.9 Axes
 - Level 3.2 Armour
 - Level 3.2 Shields
 + Level 1.5 Invocations


You had 6 spell levels left.
You didn't know any spells.
Your spell library contained the following spells:

 Spells                   Type           Power      Damage    Failure   Level
 Sublimation of Blood     Necr           0%         N/A       99%         2
 Gell's Gravitas          Tloc           0%         N/A       100%        3
 Teleport Other           Tloc           0%         N/A       100%        3
 Petrify                  Tmut/Erth      0%         N/A       100%        4
 Irradiate                Conj/Tmut      0%         3d13      100%        5
 Dispersal                Tloc           0%         N/A       100%        6
 Malign Gateway           Summ/Tloc      0%         N/A       100%        7
 Summon Horrible Things   Summ           0%         N/A       100%        8


Dungeon Overview and Level Annotations

Branches:
Dungeon (4/15)
 Temple: D:4-7

Altars:
Kikubaaqudgha
Okawaru
Qazlal

Shops:
D:2 **


Message History

You barely miss the orc warrior.
The orc warrior hits you with a +0 scimitar.
The orc warrior closely misses you.
You closely miss the orc warrior.
The orc warrior hits you with a +0 scimitar!
You are too injured to fight recklessly!
You are too injured to fight recklessly!
You are too injured to fight recklessly!
You are too injured to fight recklessly!
You are too injured to fight recklessly!
You are too injured to fight recklessly!
You are too injured to fight recklessly!
You are too injured to fight recklessly!
You are too injured to fight recklessly!
You are too injured to fight recklessly!
You are too injured to fight recklessly!
You are too injured to fight recklessly!
You are too injured to fight recklessly!
You are too injured to fight recklessly!
You are too injured to fight recklessly!
You are too injured to fight recklessly!
You are too injured to fight recklessly!
You slash the orc warrior! You burn the orc warrior.
The orc warrior is moderately wounded.
The orc warrior hits you with a +0 scimitar.
The orc warrior barely misses you.
Items here: )) [ †.
The orc warrior hits you but does no damage.
You completely miss the orc warrior.
The orc warrior is moderately wounded.
The orc warrior hits you with a +0 scimitar.
You barely miss the orc warrior.
The orc warrior is moderately wounded.
The orc warrior hits you with a +0 scimitar!!
* * * LOW HITPOINT WARNING * * *
The orc warrior hits you but does no damage.
You closely miss the orc warrior.
The orc warrior is moderately wounded.
The orc warrior hits you with a +0 scimitar.
You die...

#......######......####
#.............#.####
#.###..#####.##.# #
#.##.###......###
#..............>#
###.##.###.#.#..#.#
........##.#.####.#
.#####))##.#....o)#
.#####.)## #####@.#
.##.....##.### #..#
.##.##........ #..#
.##........... ....
.##..#..############
.##...........
.##..#.#######
.##..#.#####
.##..#......


You could see an orc warrior.

Vanquished Creatures
  Grinder (D:3)
  A phantom (D:2)
  A scorpion (D:4)
  An orc wizard (D:4)
  2 adders (D:3)
  3 worms (D:2)
  3 dart slugs
  6 orcs
  A ball python (D:3)
  8 endoplasms
  2 giant cockroaches
  7 goblins
  4 hobgoblins
  5 jackals
  6 kobolds
  5 quokkas
  4 bats
  5 rats
65 creatures vanquished.

Vanquished Creatures (others)
  3 plants (D:3)
3 creatures vanquished.

Grand Total: 68 creatures vanquished

Notes
Turn   | Place    | Note
-------+----------+-------------------------------------------
     0 | D:1      | Jonnyslop the Hill Orc Fighter began the quest for the Orb.
     0 | D:1      | Reached XP level 1. HP: 19/19 MP: 1/1
    47 | D:1      | Reached skill level 3 in Axes
    74 | D:1      | Reached XP level 2. HP: 15/27 MP: 2/2
   525 | D:1      | Reached skill level 4 in Axes
   547 | D:1      | Reached XP level 3. HP: 33/33 MP: 3/3
  1094 | D:2      | Found Ytajuz's Assorted Antiques.
  1103 | D:2      | Bought a scroll labelled GEUPYR HOCKISS for 17 gold pieces
  1103 | D:2      | Bought a scroll labelled JEILLIVVIC for 17 gold pieces
  1103 | D:2      | Identified a scroll of acquirement
  1103 | D:2      | Acquired a +2 broad axe of flaming
  1269 | D:2      | Found Ybohire's General Store.
  1299 | D:2      | Bought a scroll of identify for 24 gold pieces
  1424 | D:2      | Noticed a phantom
  1433 | D:2      | Killed a phantom
  1434 | D:2      | Reached skill level 5 in Axes
  1434 | D:2      | Reached XP level 4. HP: 36/41 MP: 4/4
  1543 | D:2      | Reached XP level 5. HP: 32/47 MP: 5/5
  1894 | D:3      | Noticed Grinder
  1899 | D:3      | Killed Grinder
  1900 | D:3      | Reached skill level 5 in Fighting
  1900 | D:3      | Reached skill level 7 in Axes
  1900 | D:3      | Reached XP level 6. HP: 51/56 MP: 6/6
  2001 | D:3      | Found a stormy altar of Qazlal.
  2125 | D:3      | Became a worshipper of Qazlal Stormbringer
  2132 | D:3      | Found Koonaem's Assorted Antiques.
  2735 | D:4      | Found an iron altar of Okawaru.
  2780 | D:4      | Reached skill level 1 in Invocations
  2926 | D:4      | Reached * piety under Qazlal
  2939 | D:4      | Reached XP level 7. HP: 46/62 MP: 6/8
  3052 | D:4      | Found an ancient bone altar of Kikubaaqudgha.
  3122 | D:4      | HP: 3/62 [orc warrior (20)]
  3123 | D:4      | Slain by an orc warrior

Illustrated notes

Levels and vault maps discovered:
D:1:      mrwooster_arrival_statue, layout_basic
D:2:      layout_loops_ring, serial_shops,
          nicolae_shop_competitors_out_of_business, shop,
          kennysheep_generic_room_15
D:3:      layout_basic, grunt_qazlal_clouds, serial_shops,
          nicolae_shop_overgrown_old_shop, dk_vineyard_1,
          kennysheep_flooded_box, uniq_grinder
D:4:      layout_basic, okawaru_gym_becter, nicolae_overflow_crystal_walls,
          nicolae_uskayaw_suspiria, hangedman_abyss_or_decor_jellyfish_corner,
          bh_walls_and_bars

Skill      XL: |  1  2  3  4  5  6 |
---------------+-------------------+-----
Axes           | 3 4 5 7 |  7.9
Fighting       | 4 5 |  5.9
Invocations    | 1 |  1.5
Armour         | |  3.2
Shields        | |  3.2

Action                   |  1- 3 |  4- 6 |  7- 9 || total
-------------------------+-------+-------+-------++-------
Melee: War axe           |    71 |       |       ||    71
       Broad axe         |     9 |    64 |     8 ||    81
  Use: Scroll            |     3 |     7 |       ||    10
Armor: Scale mail        |    38 |    21 |       ||    59
       Chain mail        |       |    12 |     3 ||    15
Dodge: Dodged            |    22 |    21 |     2 ||    45
Block: Kite shield       |    38 |       |       ||    38
       Other             |       |     2 |       ||     2
